 Dungeon Sprint DCSS version 0.28.0-1-gb440e238dd (webtiles) character file.

Game seed: 1131000033540391188

6843 boopmooplesden the Fencer (level 10, -5/172 HPs)
             Began as a Minotaur Berserker on Feb 26, 2022.
             Was the Champion of Trog.
             Slain by a sixfirhy (10 damage)
             ... in the Dungeon (Sprint II: "The Violet Keep of Menkaure").
             The game lasted 00:04:44 (1563 turns).

boopmooplesden the Fencer (Minotaur Berserker)      Turns: 1563, Time: 00:04:45

Health: -5/172     AC:  8    Str: 25    XL:     10   Next: 78%
Magic:  3/3        EV: 13    Int:  4    God:    Trog [******]
Gold:   936        SH:  0    Dex: 11    Spells: 9/9 levels left

rFire   x . .      SeeInvis .   m - +6 great sword (antimagic)
rCold   + + .      Faith    .   (shield currently unavailable)
rNeg    . . .      Spirit   .   j - +0 ice dragon scales of the Pure Coins {rF- rC++ Dex+2}
rPois   .          Reflect  .   (helmet unavailable)
rElec   .          Harm     +   k - scarf {harm}
rCorr   .          Rampage  .   (no gloves)
Will    .....      NoTele   +   (no boots)
Stlth   ..........              (no amulet)
HPRegen 0.38/turn               (no ring)
MPRegen 0.08/turn               (no ring)

@: berserking, corroded, very quick
A: horns 3, retaliatory headbutt, weak 1
a: Renounce Religion, Berserk, Trog's Hand, Brothers in Arms


You were in the Dungeon.
You worshipped Trog.
Trog was exalted by your worship.
You visited 1 branch You collected 1898 gold pieces.
You spent 962 gold pieces at shops.

Inventory:

Hand Weapons
 a - a +0 falchion
 l - a +3 long sword of flaming
 m - a +6 antimagic great sword (weapon)
Missiles
 v - 2 boomerangs of dispersal (quivered)
Armour
 b - a +0 animal skin
 i - a +3 scale mail
 j - the +0 ice dragon scales of the Pure Coins (worn) {rF- rC++ Dex+2}
   (You bought it in a shop in the Dungeon)

   Dex:       It affects your dexterity (+2).
   rF:        It makes you vulnerable to fire.
   rC:        It greatly protects you from cold.
 k - a scarf of harm (worn)
Scrolls
 h - a scroll of blinking
 p - a scroll of torment {unknown}
 r - 3 scrolls of amnesia {unknown}
 x - a scroll of fear {unknown}
Potions
 c - 3 potions of curing
 d - a potion of heal wounds
 e - a potion of haste
 f - 5 potions of magic
 g - a potion of berserk rage
 q - a potion of mutation
 s - 3 potions of degeneration
 t - a potion of cancellation {unknown}
 u - 2 potions of flight
 w - 3 potions of resistance
 z - a potion of ambrosia {unknown}


   Skills:
 + Level 19.1 Fighting
 + Level 19.7 Long Blades
 + Level 9.5 Armour
 + Level 10.5 Dodging
 + Level 2.1 Stealth


You had 9 spell levels left.
You didn't know any spells.
Your spell library was empty.

Dungeon Overview and Level Annotations

Branches:
Dungeon (1/1)

Altars:
Cheibriados
Dithmenos
Elyvilon
Fedhas
Gozag
Hepliaklqana
Kikubaaqudgha
Makhleb
Nemelex Xobeh
Okawaru
Qazlal
Ru
Sif Muna
Trog
Uskayaw
Vehumet
Wu Jian
Xom
Yredelemnul
Zin
The Shining One
Beogh
Jiyva
Lugonu

Shops:
D :!?=*=:(!!=[[([=:

Annotations:
D exclusion: oklob plant


Innate Abilities, Weirdness & Mutations

You have a pair of large horns on your head.
You reflexively headbutt those who attack you in melee.
You are weak. (Str -2)


Message History

You kill the sixfirhy!
Trog accepts your kill.
Your Fighting skill increases to level 19!
The sixfirhy hits you! The sixfirhy shocks you!
There is an open door, spattered with blood here.
You completely miss the sixfirhy. The sixfirhy hits you.
The sixfirhy shocks you! The sixfirhy barely misses you. The sixfirhy hits you.
The sixfirhy shocks you!
* * * LOW HITPOINT WARNING * * *
You miss the sixfirhy. The sixfirhy completely misses you.
You furiously retaliate!
You headbutt the sixfirhy. The sixfirhy hits you.
* * * LOW HITPOINT WARNING * * *
The sixfirhy shocks you!
* * * LOW HITPOINT WARNING * * *
You slash the sixfirhy!
The sixfirhy is heavily wounded.
The sixfirhy hits you.
* * * LOW HITPOINT WARNING * * *
The sixfirhy shocks you!
* * * LOW HITPOINT WARNING * * *
You miss the sixfirhy.
The sixfirhy is moderately wounded.
Unknown command.
You feel much better.
A red film seems to cover your vision as you go berserk!
You feel yourself moving faster!
You feel mighty! The sixfirhy closely misses you. You furiously retaliate!
You headbutt the sixfirhy. The sixfirhy hits you!
* * * LOW HITPOINT WARNING * * *
The sixfirhy shocks you!
* * * LOW HITPOINT WARNING * * *
The sixfirhy closely misses you. You furiously retaliate!
You headbutt the sixfirhy! You cut the sixfirhy into ribbons!!!
You kill the sixfirhy!
Trog accepts your kill. The sixfirhy hits you!
* * * LOW HITPOINT WARNING * * *
The sixfirhy shocks you!
You die...

##≈≈≈≈≈≈≈######### ###
###########≈≈≈≈≈≈≈≈
#∩####+####≈°°°≈○○###≈#######
##^.^.#####≈≈°≈○°°○≈##≈#
#∩......^+≈≈≈≈≈°○≈≈≈≈'≈#
########.##°°≈≈○≈≈○≈####
=..[oooo#..##≈≈≈≈°≈≈##
##########...#########
^.^.....^....'.@3..+
#####################


You could see a sixfirhy and an orc priest.

Vanquished Creatures
  A kraken (D)
  2 sixfirhies (D)
  A merfolk siren (D)
  An ice statue (D)
  A yaktaur (D)
  3 polar bears (D)
  A hornet (D)
  A blink frog (D)
  12 flying skulls (D)
  4 neqoxecs (D)
  4 water moccasins (D)
  4 necrophages (D)
  4 scorpions (D)
  A jelly (D)
  3 tentacles (D)
43 creatures vanquished.

Vanquished Creatures (others)
  Menkaure (D)
  A water moccasin (D)
  8 tentacles (D)
10 creatures vanquished.

Grand Total: 53 creatures vanquished

Notes
Turn   | Place    | Note
-------+----------+-------------------------------------------
     0 | D        | boopmooplesden the Minotaur Berserker began the quest for
                  | the Orb.
     0 | D        | Reached XP level 1. HP: 19/19 MP: 0/0
     1 | D        | Noticed a neqoxec
     3 | D        | Gained mutation: You are weak. (Str -2) [a neqoxec]
     9 | D        | Killed a neqoxec
    10 | D        | Reached XP level 2. HP: 25/35 MP: 1/1
    10 | D        | Reached XP level 3. HP: 29/40 MP: 2/2
    10 | D        | Reached XP level 4. HP: 35/48 MP: 3/3
    11 | D        | Noticed a neqoxec
    14 | D        | Gained mutation: You have a pair of large horns on your
                  | head. [a neqoxec]
    15 | D        | Killed a neqoxec
    16 | D        | Reached skill level 5 in Armour
    16 | D        | Reached XP level 5. HP: 38/58 MP: 4/4
    72 | D        | Killed a water moccasin
    73 | D        | Noticed a neqoxec
    73 | D        | Noticed a neqoxec
    76 | D        | Noticed a flying skull
    76 | D        | Noticed a flying skull
    76 | D        | Noticed a flying skull
    76 | D        | Noticed a flying skull
    77 | D        | Noticed a flying skull
    77 | D        | Noticed a flying skull
    78 | D        | Killed a neqoxec
    78 | D        | Reached ** piety under Trog
    78 | D        | Noticed a flying skull
    78 | D        | Noticed a flying skull
    78 | D        | Noticed a flying skull
    79 | D        | Reached skill level 10 in Fighting
    79 | D        | Reached skill level 5 in Dodging
    79 | D        | Reached XP level 6. HP: 33/67 MP: 5/5
    79 | D        | Noticed a flying skull
    79 | D        | Noticed a flying skull
    80 | D        | Noticed a flying skull
    85 | D        | Killed a neqoxec
   164 | D        | Killed Menkaure
   329 | D        | Reached XP level 7. HP: 68/77 MP: 6/6
   332 | D        | Reached *** piety under Trog
   425 | D        | Reached **** piety under Trog
   433 | D        | Reached XP level 8. HP: 46/86 MP: 7/7
   599 | D        | Noticed a merfolk siren
   611 | D        | Killed a merfolk siren
   749 | D        | Found Foabra's Antique Armour Shop.
   749 | D        | Found Ynucva's Antique Armour Boutique.
   749 | D        | Found Tiun's Jewellery Shop.
   749 | D        | Found Uropn's Weapon Boutique.
   749 | D        | Found Penuiral's Book Shop.
   749 | D        | Found Zuno's Distillery.
   749 | D        | Found Suezev's Jewellery Boutique.
   750 | D        | Found Byel Gao's General Store.
   750 | D        | Found Siqarhy's Jewellery Boutique.
   750 | D        | Found Ogrem's Armour Shop.
   751 | D        | Found Deyrat's Magic Scroll Shop.
   751 | D        | Found Ufyat's Distillery.
   752 | D        | Found Gudopobe's Antique Weapon Boutique.
   752 | D        | Found Gocezenu's Distillery.
   761 | D        | Reached ***** piety under Trog
   766 | D        | Noticed an oklob plant
   771 | D        | Noticed a blink frog
   778 | D        | Killed a blink frog
   779 | D        | Reached skill level 15 in Long Blades
   790 | D        | Found Iticvihi's Book Shoppe.
   792 | D        | Noticed a slime creature
   792 | D        | Noticed a slime creature
   835 | D        | Bought the +0 ice dragon scales of the Pure Coins {rF- rC++
                  | Dex+2} for 854 gold pieces
   835 | D        | Bought a scarf of harm for 108 gold pieces
   883 | D        | Killed a flying skull
   884 | D        | Reached skill level 15 in Fighting
   885 | D        | Killed a flying skull
   886 | D        | Reached XP level 9. HP: 97/97 MP: 8/8
   906 | D        | Reached skill level 1 in Stealth
   908 | D        | Received a gift from Trog
   950 | D        | Found an iron altar of Okawaru.
   950 | D        | Found a radiant altar of Vehumet.
   951 | D        | Found a sparkling altar of Nemelex Xobeh.
   951 | D        | Found a hide-covered altar of Uskayaw.
   951 | D        | Found a glowing silver altar of Zin.
   952 | D        | Found an opulent altar of Gozag.
   952 | D        | Found a burning altar of Makhleb.
   952 | D        | Found a bloodstained altar of Trog.
   952 | D        | Found a basalt altar of Yredelemnul.
   953 | D        | Found a blossoming altar of Fedhas.
   953 | D        | Found a corrupted altar of Lugonu.
   953 | D        | Found a shimmering blue altar of Sif Muna.
   953 | D        | Found a shimmering altar of Xom.
   954 | D        | Found a white marble altar of Elyvilon.
   954 | D        | Found an ancient bone altar of Kikubaaqudgha.
   954 | D        | Found a sacrificial altar of Ru.
   955 | D        | Found a shadowy altar of Dithmenos.
   955 | D        | Found a viscous altar of Jiyva.
   956 | D        | Found a snail-covered altar of Cheibriados.
   957 | D        | Found a hazy altar of Hepliaklqana.
   957 | D        | Noticed a polar bear
   957 | D        | Noticed a polar bear
   958 | D        | Found a glowing golden altar of the Shining One.
   958 | D        | Found an ornate altar of the Wu Jian Council.
   958 | D        | Found a stormy altar of Qazlal.
   958 | D        | Noticed a yaktaur
   960 | D        | Noticed a polar bear
   962 | D        | Killed a polar bear
   964 | D        | Killed a polar bear
   965 | D        | Reached XP level 10. HP: 105/111 MP: 9/9
   973 | D        | Reached ****** piety under Trog
  1195 | D        | Noticed a kraken
  1200 | D        | Received a gift from Trog
  1217 | D        | Killed a kraken
  1218 | D        | Reached skill level 10 in Dodging
  1235 | D        | Found the +7 Spriggan's Knife {stab, EV+4 Stlth+}
  1354 | D        | Noticed an ice statue
  1361 | D        | Identified a scroll of acquirement
  1361 | D        | Acquired 626 gold pieces
  1365 | D        | Noticed a sixfirhy
  1368 | D        | Noticed a sixfirhy
  1375 | D        | Killed an ice statue
  1376 | D        | Noticed a sixfirhy
  1383 | D        | Found Veho Joph's Book Shoppe.
  1384 | D        | Found Budeghia's Jewellery Boutique.
  1555 | D        | Killed a sixfirhy
  1559 | D        | HP: 1/115 [sixfirhy (14)]
  1563 | D        | Killed a sixfirhy
  1563 | D        | Slain by a sixfirhy

Illustrated notes

Levels and vault maps discovered:
D:        the_violet_keep_of_menkaure [sprint2_stairs_cluster_1,
          sprint2_shoproom, sprint2_temple, sprint2_basic_supplies,
          sprint2_obstacle_7, sprint2_obstacle_2, sprint2_obstacle_1,
          sprint2_obstacle_6, sprint2_obstacle_4, sprint2_timed_cluster_1,
          sprint2_smallroom_cluster_1, sprint2_smallroom_final_cluster_1,
          sprint2_transparent_cluster_1, sprint2_second_timed_cluster_1,
          sprint2_sniper_area_1, sprint2_heavy_combat_area_1,
          sprint2_mutation_trap_area_1, sprint2_forest_area_1,
          sprint2_light_combat_area_1, sprint2_behind_water_1,
          sprint2_near_end_vault_1]

Skill      XL: |  1  2  3  4  5  6  7  8  9 10 |
---------------+-------------------------------+-----
Fighting       | 8 9 10 12 13 15 17 19 | 19.1
Long Blades    | 8 9 11 12 13 15 18 19 | 19.7
Armour         | 4 5 6 7 8 9 |  9.5
Dodging        | 4 5 6 7 8 9 10 | 10.5
Stealth        | 1 2 |  2.1

Action                   |  1- 3 |  4- 6 |  7- 9 | 10-12 || total
-------------------------+-------+-------+-------+-------++-------
Melee: Falchion          |     6 |    22 |    98 |       ||   126
       Headbutt          |     1 |     4 |    15 |     9 ||    29
       Punch             |       |       |     1 |       ||     1
       Long sword        |       |       |     3 |    16 ||    19
       Great sword       |       |       |       |    19 ||    19
Invok: Berserk           |     1 |       |     2 |     2 ||     5
  Use: Scroll            |       |       |       |     4 ||     4
       Potion            |       |       |       |     2 ||     2
Armor: Animal skin       |       |     2 |     5 |       ||     7
       Ice dragon scales |       |       |    16 |    11 ||    27
Dodge: Dodged            |     1 |     7 |    40 |    24 ||    72
